Map: 零纪元-天梯版

Players

Stephano - Winner!

  • Race: Zerg Zerg

yohilo

  • Race: Terran Terran
  • League: Silver

Event: WESG 2018 Grand Finals

VOD

Have the link to the VOD?

Description

Time

  • Played on: March 12, 2019, 5:35 a.m.
  • Length: 4:25

All games in this series

Show
View Real Time Build Order
Export as new Build Order

Stephano Zerg - Winner!

Build Orders: Hatch First 

Get SALT Encoding   

  12  0:00  Drone  
  13  0:12  Overlord  
  13  0:17  Drone  
  14  0:31  Drone x2  
  16  0:49  Hatchery  
  15  0:52  Drone  
  15  0:55  Drone  
  17  0:59  Drone  
  18  1:11  Extractor  
  18  1:15  Spawning Pool  
  18  1:17  Drone  
  17  1:22  Drone  
  18  1:28  Drone  
  19  1:39  Drone  
  20  1:49  Drone  
  21  2:01  Queen x2  
  21  2:02  Zergling x4  
  27  2:11  Overlord  
  27  2:14  Drone  
  28  2:20  Spine Crawler  
  27  2:25  Zergling x2  
  28  2:34  Metabolic Boost  
  28  2:42  Queen x2  
  32  2:46  Overlord  
  32  2:49  Drone x2  
  34  2:52  Drone  
  35  2:59  Zergling x2  
  36  3:10  Drone x4  
  40  3:14  Drone x2  
  40  3:16  Drone x2  
  44  3:24  Overlord  
  44  3:40  Overlord  
  44  3:42  Queen  
  44  3:44  Overlord  
  44  3:45  Drone  
  44  3:46  Drone x3  
  50  3:49  Extractor  
  49  3:56  Drone x3  
  49  3:58  Overlord  
  49  4:02  Drone x3  
  55  4:05  Roach Warren  
  55  4:06  Extractor  
Show
View Real Time Build Order
Export as new Build Order

yohilo Terran 

Build Orders:  

Get SALT Encoding   

  12  0:00  SCV  
  13  0:13  SCV  
  14  0:24  Supply Depot  
  14  0:25  SCV  
  15  0:45  SCV  
  15  0:46  Barracks  
  15  0:49  Refinery  
  16  0:58  SCV  
  17  1:10  SCV  
  18  1:22  SCV  
  19  1:34  Reaper, SCV  
  19  1:38  Supply Depot  
  21  1:46  SCV  
  22  1:54  Barracks  
  22  1:55  Barracks  
  22  1:58  SCV  
  23  2:10  SCV  
  23  2:13  Reaper  
  25  2:45  Reaper  
  25  2:46  Marine x2  
  28  3:04  Marine x2  
  30  3:17  Reaper  
  31  3:31  Marine  
  31  3:40  Orbital Command  
  31  3:44  Command Center  
  31  3:52  Reaper  
  31  3:57  Marine  
Tags
 
Add a new tag
Caveats
  • Supply blocks, unpowered buildings, or Contaminate may cause inaccurate times.
  • Supply counts are checked every 10 seconds.